 Dungeon Crawl Stone Soup version 0.30.0-19-g36f170ea60 (webtiles) character file.

Game seed: 5439432258721141434

699 Irreverend the Chopper (level 7, -2/61 HPs)
             Began as a Minotaur Berserker on May 30, 2023.
             Was an Elder of Trog.
             Slain by an iron imp (6 damage)
             ... summoned by Eustachio
             ... on level 4 of the Dungeon.
             The game lasted 00:03:34 (2906 turns).

Irreverend the Chopper (Minotaur Berserker)         Turns: 2906, Time: 00:03:34

Health: -2/61      AC:  9    Str: 23    XL:     7   Next: 38%
Magic:  6/6        EV:  9    Int:  4    God:    Trog [****..]
Gold:   132        SH:  0    Dex: 10    Spells: 6/6 levels left

rFire   . . .        a - +0 hand axe
rCold   . . .        (no shield)
rNeg    . . .        i - +0 chain mail
rPois   .            (helmet restricted)
rElec   .            (no cloak)
rCorr   .            (no gloves)
SInv    .            (no boots)
Will    .....        (no amulet) Stlth
                     (no ring)
HPRegen 0.30/turn    (no ring)
MPRegen 0.10/turn

%: no passive effects
@: on berserk cooldown, slowed, very slow
A: horns 2, retaliatory headbutt
a: Renounce Religion, Berserk, Trog's Hand, Brothers in Arms


You were on level 4 of the Dungeon.
You worshipped Trog.
Trog was greatly pleased with you.
You visited 1 branch of the dungeon, and saw 4 of its levels.
You also visited: Sewer.

You collected 132 gold pieces.

Inventory:

Hand Weapons
 a - a +0 hand axe (weapon)
Armour
 b - a +0 animal skin
 i - a +0 chain mail (worn)
Jewellery
 p - a ring of flight
Wands
 t - a wand of flame (22)
 w - a wand of iceblast (7)
Scrolls
 c - 2 scrolls of amnesia {unknown}
 e - 2 scrolls of fear {unknown}
 k - 2 scrolls of blinking {unknown}
 l - a scroll of vulnerability {unknown}
 m - 2 scrolls of brand weapon {unknown}
 n - a scroll of identify {unknown}
 o - 7 scrolls of teleportation {unknown}
 q - a scroll of enchant weapon {unknown}
 r - 2 scrolls of immolation {unknown}
Potions
 d - a potion of lignification {unknown}
 f - 3 potions of haste
 g - 3 potions of might {unknown}
 h - a potion of degeneration {unknown}
 j - 4 potions of flight {unknown}
 s - a potion of mutation {unknown}
 u - a potion of ambrosia {unknown}
 v - 3 potions of curing {unknown}
 x - a potion of heal wounds {unknown}
 z - a potion of cancellation {unknown}
 A - a potion of invisibility {unknown}
 B - a potion of brilliance {unknown}
 C - a potion of magic {unknown}


   Skills:
 + Level 5.6 Fighting
 * Level 7.2 Axes
 + Level 5.0 Armour
 + Level 4.4 Dodging


You had 6 spell levels left.
You didn't know any spells.
Your spell library was empty.

Dungeon Overview and Level Annotations

Branches:
Dungeon (4/15)              Sewer (visited)
 Temple: D:4-7

Altars:
Fedhas
Ru

Annotations:
D:4 Eustachio


Innate Abilities, Weirdness & Mutations

You have a pair of horns on your head.
You reflexively headbutt those who attack you in melee.


Message History

The iron imp is heavily wounded.
You hit the river rat. You closely miss Eustachio.
Eustachio hits you but does no damage. The river rat closely misses you.
The iron imp hits you.
Eustachio casts a spell.
You are too injured to fight recklessly!
You are too injured to fight recklessly!
You are too injured to fight recklessly!
You are too injured to fight recklessly!
You are too injured to fight recklessly!
You are too injured to fight recklessly!
You are too injured to fight recklessly!
You are too injured to fight recklessly!
You are too injured to fight recklessly!
You are too injured to fight recklessly!
You are too injured to fight recklessly!
You are too injured to fight recklessly!
You are too injured to fight recklessly!
You are too injured to fight recklessly!
You are too injured to fight recklessly!
You are too injured to fight recklessly!
Your black bear goes berserk!
The iron imp disappears in a puff of smoke!
The river rat bites you. Eustachio hits you with a +0 falchion.
* * * LOW HITPOINT WARNING * * *
The crimson imp hits your black bear. The white imp closely misses you.
The river rat bites you.
* * * LOW HITPOINT WARNING * * *
You hit Eustachio but do no damage. You hit the white imp but do no damage.
You hit the iron imp. You hit the river rat but do no damage.
Your black bear bites Eustachio but does no damage.
Your black bear barely misses Eustachio.
Your black bear claws Eustachio but does no damage.
Eustachio hits you with a +0 falchion.
* * * LOW HITPOINT WARNING * * *
The white imp hits you but does no damage.
The crimson imp hits your black bear. The river rat bites you!
* * * LOW HITPOINT WARNING * * *
The iron imp hits you.
You die...

.. ..# .... .# ######
.... ####.. #
#....##+#.... ....# ..
#....#....... #.. #
#'#....#......#. #.###
#.........#.. #.###....
#$:...55..#.###.....#..
#.....@@###.....#...#.#
......§rh....#.. #.###.#
...####..5...#.###.....#
.. #.......###.....#..#.
. #....†......#...#..#.
......###....#.###....
.......# #..###.....#..
.......# #......#.####.
....... ##......#.# #.


You could see Eustachio (ally target), an iron imp (summoned), a crimson imp
(summoned), a river rat (summoned), a white imp (summoned) and a friendly black
bear (summoned, berserk).

Vanquished Creatures
  Grinder (D:3)
  2 bullfrogs (Sewer)
  A howler monkey (D:3)
  A hound (D:4)
  An orc wizard (D:3)
  Robin (D:3)
  9 adders
  6 river rats
  A white imp (D:4)
  4 worms
  5 dart slugs
  An orc (D:3)
  19 ball pythons
  5 endoplasms
  2 giant cockroaches
  8 goblins
  11 hobgoblins
  4 jackals (D:2)
  13 kobolds
  A quokka (D:2)
  3 bats
  4 frilled lizards
  21 rats
124 creatures vanquished.

Notes
Turn   | Place    | Note
-------+----------+-------------------------------------------
     0 | D:1      | Irreverend the Minotaur Berserker began the quest for the
                  | Orb.
     0 | D:1      | Reached XP level 1. HP: 19/19 MP: 0/0
   192 | D:1      | Reached XP level 2. HP: 24/27 MP: 1/1
   195 | D:1      | Reached skill level 4 in Axes
   577 | D:2      | Reached XP level 3. HP: 30/33 MP: 2/2
   639 | D:2      | Reached ** piety under Trog
  1062 | D:3      | Reached XP level 4. HP: 18/40 MP: 3/3
  1192 | D:3      | Found a sacrificial altar of Ru.
  1285 | D:3      | Reached skill level 5 in Axes
  1285 | D:3      | Reached XP level 5. HP: 39/47 MP: 4/4
  1382 | D:3      | Noticed Robin
  1392 | D:3      | Killed Robin
  1392 | D:3      | Reached *** piety under Trog
  1512 | D:3      | Found a glowing drain.
  1519 | Sewer    | Entered a sewer
  1786 | Sewer    | Reached XP level 6. HP: 53/53 MP: 5/5
  1807 | Sewer    | Reached **** piety under Trog
  1872 | Sewer    | Reached skill level 6 in Axes
  1876 | Sewer    | Reached skill level 5 in Fighting
  2099 | D:3      | Noticed Grinder
  2109 | D:3      | Killed Grinder
  2110 | D:3      | Reached skill level 7 in Axes
  2110 | D:3      | Reached XP level 7. HP: 61/61 MP: 6/6
  2259 | D:3      | Found a blossoming altar of Fedhas.
  2827 | D:4      | Reached skill level 5 in Armour
  2878 | D:4      | Noticed Eustachio
  2906 | D:4      | Slain by an iron imp

Illustrated notes

Levels and vault maps discovered:
D:1:      eino_arrival_water_star, layout_rooms
D:2:      layout_loops_ring
D:3:      layout_loops_ring, lemuel_round_altar,
          nicolae_ru_great_annihilating_truth, lightli_sewer_entry_pipes,
          fountainhead, uniq_grinder, uniq_robin
D:4:      layout_basic, mainiacjoe_overflow_six_doors_small,
          hangedman_decor_points, uniq_eustachio

Skill      XL: |  1  2  3  4  5  6  7 |
---------------+----------------------+-----
Axes           | 4 5 7 |  7.2
Fighting       | 4 5 |  5.6
Armour         | 3 4 5 |  5.0
Dodging        | 3 4 |  4.4

Action                     |  1- 3 |  4- 6 |  7- 9 || total
---------------------------+-------+-------+-------++-------
  Melee: Hand axe          |    90 |   156 |    32 ||   278
         Headbutt          |     9 |    15 |     5 ||    29
         Punch             |     1 |       |       ||     1
 Invoke: Berserk           |       |     2 |     1 ||     3
         Trog's Hand       |       |     1 |       ||     1
         Brothers in Arms  |       |       |     1 ||     1
 Armour: Chain mail        |    38 |   105 |    20 ||   163
         Animal skin       |     2 |       |       ||     2
  Dodge: Dodged            |    26 |    95 |    15 ||   136
